 Dungeon Crawl Stone Soup version 0.19-a0-19-gf75ed07 (webtiles) character file.

123 Mefis the Magician (level 4, -1/24 HPs)
             Began as a Deep Elf Wizard on Apr 30, 2016.
             Slain by Crazy Yiuf
             ... wielding a +4 quarterstaff of chaos
              (3 damage)
             ... on level 2 of the Dungeon.
             The game lasted 00:09:48 (2395 turns).

Mefis the Magician (Deep Elf Wizard)                Turns: 2395, Time: 00:09:48

Health: -1/24      AC:  4    Str:  4    XL:     4   Next: 80%
Magic:  9/14       EV: 12    Int: 24    God:
Gold:   79         SH:  0    Dex: 13    Spells: 7 memorised, 0 levels left

rFire  . . .     SeeInvis .     (no weapon)
rCold  . . .     Gourm    .     a - +0 robe
rNeg   . . .     Faith    .     u - +0 buckler
rPois  .         Spirit   .     p - +1 helmet
rElec  .         Dismiss  .     (no cloak)
rCorr  .         Reflect  .     (no gloves)
SustAt .         Harm     .     (no boots)
MR     .....                    (no amulet)
Stlth  +.........               (no ring)
                                (no ring)

@: confused, lethally poisoned (-1 -> -10), not resistant to hostile
enchantments, very unstealthy
A: no striking features
a: no special abilities


You were on level 2 of the Dungeon.
You were not hungry.

You visited 1 branch of the dungeon, and saw 2 of its levels.

You collected 79 gold pieces.

Inventory:

Armour
 a - a +0 robe (worn)
 b - a +0 hat
 p - a +1 helmet (worn)
 u - a +0 buckler (worn)
Wands
 s - a wand of flame (25/48)
Scrolls
 e - 2 scrolls of enchant weapon {unknown}
 f - a scroll of immolation {unknown}
 i - 4 scrolls of identify {unknown}
 l - 2 scrolls of blinking {unknown}
 m - 2 scrolls of remove curse {unknown}
 n - a scroll of noise {unknown}
 r - a scroll of enchant armour {unknown}
Potions
 g - 2 potions of heal wounds {unknown}
 h - 2 potions of brilliance {unknown}
 j - a potion of flight {unknown}
 k - a potion of lignification {unknown}
 t - a potion of might {unknown}
Books
 c - a book of Minor Magic

   Spells                             Type                      Level
   a - Magic Dart                     Conjuration                  1
   b - Blink                          Translocation                2
   c - Call Imp                       Summoning                    2
   d - Repel Missiles                 Charms/Air                   2
   e - Slow                           Hexes                        2
   f - Conjure Flame                  Conjuration/Fire             3
   g - Mephitic Cloud                 Conjuration/Poison/Air       3
 d - a Necronomicon

   Spells                             Type                      Level
   a - Haunt                          Necromancy/Summoning         7
   b - Borgnjor's Revivification      Necromancy                   8
   c - Death's Door                   Charms/Necromancy            8
   d - Necromutation                  Transmutation/Necromancy     8
Comestibles
 o - a slice of pizza
 q - 2 meat rations


   Skills:
 - Level 0.1 Fighting
 + Level 2.7 Dodging
 + Level 3.0 Stealth
 + Level 0.0 Shields
 * Level 6.3 Spellcasting
 + Level 2.1 Conjurations
 + Level 1.1 Hexes
 + Level 1.4 Summonings
 - Level 1.1 Translocations
 + Level 0.4 Fire Magic
 + Level 0.2 Poison Magic


You couldn't memorise any spells.
You knew the following spells:

 Your Spells              Type           Power        Failure   Level  Hunger
a - Magic Dart            Conj           ###.         8%          1    None
b - Call Imp              Summ           ##......     12%         2    None
c - Blink                 Tloc           N/A          14%         2    None
d - Repel Missiles        Chrm/Air       #.....       21%         2    None
e - Mephitic Cloud        Conj/Pois/Air  ##......     34%         3    None
f - Conjure Flame         Conj/Fire      ##......     28%         3    None
g - Slow                  Hex            ##......     14%         2    None


Dungeon Overview and Level Annotations

Branches:
Dungeon (2/15)

Altars:
Ashenzari

Annotations:
D:2 Crazy Yiuf


Message History

You are engulfed in noxious fumes.
You choke on the stench!
You are confused.
You bump into the tree.
You are engulfed in noxious fumes.
You choke on the stench!
You are more confused.
You bump into the tree.
You are engulfed in noxious fumes.
Crazy Yiuf hits you but does no damage.
You are engulfed in noxious fumes.
You choke on the stench!
You are more confused.
You bump into the tree.
You are engulfed in noxious fumes.
You choke on the stench!
You are more confused.
Crazy Yiuf hits you with a quarterstaff of chaos!
You are poisoned.
You bump into the tree.
You feel sick.
Crazy Yiuf grits, "Rot!"
Crazy Yiuf hits you with a quarterstaff of chaos!
* * * LOW HITPOINT WARNING * * *
Crazy Yiuf burns you.
You die...

### ♣♣#### ###
#)..#♣♣ ♣♣P#..##
...
#...'g♣♣♣♣......#
.## #.
#...#♣@.♣.PP....#
..# ..# ###
♣♣♣.♣..#.#.# ...#
..# ♣♣♣♣♣###.#
####. #.# #..#
..... #.#
#####.##
#####.#.# #.##..#
#.#.#### #....##
#....†.# #.####
###.##.### #.#


You could see Crazy Yiuf.

Vanquished Creatures
  4 adders (D:2)
  2 dart slugs (D:1)
  A giant cockroach (D:2)
  15 goblins
  7 hobgoblins
  8 kobolds
  5 bats
  3 rats
45 creatures vanquished.

Vanquished Creatures (collateral kills)
  Terence (D:2)
  Robin (D:1)
  A worm (D:1)
3 creatures vanquished.

Grand Total: 48 creatures vanquished

Notes
Turn   | Place    | Note
--------------------------------------------------------------
     0 | D:1      | Mefis the Deep Elf Wizard began the quest for the Orb.
     0 | D:1      | Reached XP level 1. HP: 10/10 MP: 7/7
   213 | D:1      | Reached XP level 2. HP: 15/15 MP: 6/9
   217 | D:1      | Learned a level 2 spell: Call Imp
   220 | D:1      | Learned a level 2 spell: Blink
   223 | D:1      | Learned a level 2 spell: Repel Missiles
   230 | D:1      | Reached skill level 5 in Spellcasting
   951 | D:1      | Reached XP level 3. HP: 19/19 MP: 7/12
   956 | D:1      | Learned a level 3 spell: Mephitic Cloud
   960 | D:1      | Learned a level 3 spell: Conjure Flame
  1034 | D:2      | Noticed Robin
  1467 | D:1      | Killed Robin
  1596 | D:2      | Found a shattered altar of Ashenzari.
  1830 | D:2      | Reached skill level 6 in Spellcasting
  1830 | D:2      | Reached XP level 4. HP: 24/24 MP: 9/14
  1834 | D:2      | Learned a level 2 spell: Slow
  1857 | D:2      | Noticed Terence
  1904 | D:2      | Killed Terence
  2155 | D:2      | Reached skill level 1 in Hexes
  2388 | D:2      | Noticed Crazy Yiuf
  2395 | D:2      | Slain by Crazy Yiuf

Vault maps used:
D:1:      lightli_arrival_statuegarden
D:2:      nicolae_overflow_crystal_walls, minmay_misc_feat_enclosed,
          uniq_crazy_yiuf_cottage, uniq_robin, uniq_terence

Skill      XL: |  1  2  3  4 |
---------------+-------------+-----
Spellcasting   | 5 6 |  6.3
Conjurations   | 2 |  2.1
Hexes          | 1 |  1.1
Stealth        | 3 |  3.0
Fighting       | |  0.1
Dodging        | |  2.7
Summonings     | |  1.4
Translocations | |  1.1
Fire Magic     | |  0.4
Poison Magic   | |  0.2

Action                   |  1- 3 |  4- 6 || total
-------------------------+-------+-------++-------
Melee: Unarmed           |     2 |       ||     2
 Cast: Magic Dart        |    96 |    26 ||   122
       Mephitic Cloud    |     2 |     3 ||     5
       Call Imp          |     2 |     2 ||     4
       Conjure Flame     |     1 |       ||     1
       Blink             |     1 |       ||     1
  Eat: Chunk             |     1 |     1 ||     2
       Bread ration      |       |     1 ||     1
Armor: Robe              |     4 |     1 ||     5
Dodge: Dodged            |    15 |     4 ||    19
